 Dungeon Crawl Stone Soup version 0.20-a0-903-g7e3609c (webtiles) character file.

137 Rrauwl the Skirmisher (level 5, -4/42 HPs)
             Began as a Formicid Abyssal Knight on Mar 20, 2017.
             Was a Believer of Lugonu.
             Slain by a kobold
             ... wielding a +0 short sword of electrocution
              (17 damage)
             ... on level 3 of the Dungeon.
             The game lasted 00:11:08 (2133 turns).

Rrauwl the Skirmisher (Formicid Abyssal Knight)     Turns: 2133, Time: 00:11:08

Health: -4/42      AC:  7    Str: 20    XL:     5   Next: 44%
Magic:  6/6        EV: 10    Int: 13    God:    Lugonu [**....]
Gold:   135        SH:  0    Dex: 10    Spells: 4/4 levels left

rFire    + . .     SeeInvis +   g - +6 great sword of the Tiger {flame, rPois rF+ Int+2}
rCold    . . .     Gourm    .   i - +1 scale mail
rNeg     . . .     Faith    +   (no shield)
rPois    +         Spirit   .   (helmet unavailable)
rElec    .         Reflect  .   (no cloak)
rCorr    .         Harm     .   (no gloves)
MR       .....                  (no boots)
Stlth    ..........             f - amulet of faith
Regen    0.2/turn               (no ring)
MPRegen  0.1/turn               b - +2 ring of strength

@: no status effects
A: permanent stasis, dig shafts and tunnels, four strong arms, antennae 3
a: Dig, Shaft Self, Depart the Abyss, Bend Space, Renounce Religion


You were on level 3 of the Dungeon.
You worshipped Lugonu.
Lugonu was pleased with you.
You were not hungry.

You visited 1 branch of the dungeon, and saw 3 of its levels.
You visited the Abyss 1 time.

You collected 135 gold pieces.

Inventory:

Hand Weapons
 a - a +2 mace
 g - the +6 great sword of the Tiger (weapon) {flame, rPois rF+ Int+2}
   (You acquired it on level 2 of the Abyss)

   It has been specially enchanted to burn those struck by it, causing extra
   injury to most foes and up to half again as much damage against particularly
   susceptible opponents.
   Big, fiery blades are also staple armaments of hydra-hunters.
   It affects your intelligence (+2).
   It protects you from fire.
   It protects you from poison.
Missiles
 k - 37 arrows
Armour
 i - a +1 scale mail (worn)
Magical Staves
 e - an uncursed staff of cold
Jewellery
 b - a +2 ring of strength (left hand)
 f - an amulet of faith (around neck)
Scrolls
 h - 2 scrolls of magic mapping
 l - a scroll of remove curse
 m - 2 scrolls of identify
Potions
 n - 2 potions of degeneration {unknown}
 o - a potion of curing {unknown}
Comestibles
 c - 2 bread rations
 d - 8 chunks of flesh
 j - 2 royal jellies


   Skills:
 + Level 3.7 Fighting
 + Level 2.4 Long Blades
 - Level 2.0 Maces & Flails
 + Level 3.5 Armour
 + Level 2.3 Dodging
 - Level 2.1 Invocations


You had 4 spell levels left.
You didn't know any spells.

Dungeon Overview and Level Annotations

Branches:
Dungeon (3/15)

Altars:
Fedhas
Kikubaaqudgha
Vehumet


Innate Abilities, Weirdness & Mutations

You cannot be hasted, slowed, berserked, paralysed or teleported.
You can dig through walls and to a lower floor.
Your four strong arms can wield two-handed weapons with a shield.
You have a pair of large antennae on your head. (SInv)


Message History

The kobold shouts!
The kobold unwields an uncursed short sword of electrocution.
It stops crackling.
The kobold wields a blowgun.
The kobold shoots a poisoned needle.
The poisoned needle closely misses you.
Things that are here:
a poisoned needle; a glowing scarf The kobold shoots a poisoned needle.
The poisoned needle completely misses you.
Found a cloak.
The kobold shoots a poisoned needle.
The poisoned needle barely misses you.
The kobold unwields an uncursed blowgun.
The kobold wields an uncursed short sword of electrocution.
You hear the crackle of electricity.
The kobold hits you with an uncursed short sword of electrocution.
You are electrocuted!
You barely miss the kobold. The kobold closely misses you.
You closely miss the kobold. The kobold hits you but does no damage.
You are electrocuted!
The kobold hits you but does no damage.
You are electrocuted!
You die...

#.# #.#..# #.#
#.#..# #.#
####.#..#
#....#..#
#.####(.###
#.#.(.....#
#.#.#.....#
#...#.....####.#
#.###.....@....#
#.. #.....#K####
#.# #..#.##.#
.......... ..
..###<.#.##.##
#..# #..#.# .#
#.. #[ ... .#
###### ## #. ..
......


You could see a kobold.

Vanquished Creatures
  4 adders (D:3)
  3 gnolls (D:3)
  2 oozes
  2 worms
  3 dart slugs
  2 leopard geckos (D:2)
  3 giant cockroaches
  6 hobgoblins
  9 jackals
  A quokka (D:2)
  A bat (D:1)
  4 frilled lizards
  3 goblins
  4 kobolds
  7 rats
54 creatures vanquished.

Notes
Turn   | Place    | Note
-------+----------+-------------------------------------------
     0 | Abyss:1  | Rrauwl the Formicid Abyssal Knight began the quest for the Orb.
     0 | Abyss:1  | Reached XP level 1. HP: 18/18 MP: 2/2
     3 | Abyss:1  | Found a corrupted altar of Lugonu.
    51 | Abyss:2  | Found a corrupted altar of Lugonu.
    82 | Abyss:2  | Identified a scroll of acquirement
    83 | Abyss:2  | Got a warped great sword
    84 | Abyss:2  | Identified the +6 great sword of the Tiger {flame, rPois rF+ Int+2} (You acquired it on level 2 of the Abyss)
   100 | Abyss:2  | Noticed a ynoxinul
   114 | Abyss:3  | Found a corrupted altar of Lugonu.
   115 | Abyss:3  | Noticed a thrashing horror
   117 | Abyss:3  | Noticed a long sword of holy wrath
   121 | D:1      | Escaped the Abyss
   173 | D:1      | Reached skill level 1 in Dodging
   175 | D:1      | Reached * piety under Lugonu
   413 | D:1      | Reached XP level 2. HP: 23/24 MP: 3/3
   607 | D:1      | Reached skill level 1 in Long Blades
   681 | D:1      | Reached XP level 3. HP: 29/29 MP: 4/4
  1286 | D:2      | Found a radiant altar of Vehumet.
  1366 | D:2      | Found a faded altar of an unknown god.
  1418 | D:2      | Found an ancient bone altar of Kikubaaqudgha.
  1517 | D:2      | Reached ** piety under Lugonu
  1684 | D:2      | Found a blossoming altar of Fedhas.
  1717 | D:2      | Reached XP level 4. HP: 35/35 MP: 5/5
  1919 | D:3      | Reached XP level 5. HP: 33/41 MP: 6/6
  2133 | D:3      | Slain by a kobold

Vault maps used:
D:1:      minmay_arrival_nine_rooms
D:2:      kiku_gazebo_pond_becter, lemuel_doored_altar, old_standard_altar,
          chequers_ecumenical_altar_simple_redux
Abyss:3:  evilmike_abyss_rune_tso_outpost, hangedman_abyss_or_decor_slice,
          evilmike_abyss_exit_glass

Skill      XL: |  1  2  3  4 |
---------------+-------------+-----
Dodging        | 1 2 |  2.3
Long Blades    | 1 2 |  2.4
Armour         | 3 |  3.5
Fighting       | |  3.7
Maces & Flails | |  2.0
Invocations    | |  2.1

Action                   |  1- 3 |  4- 6 || total
-------------------------+-------+-------++-------
Melee: Great sword       |    51 |    44 ||    95
Invok: Depart the Abyss  |     1 |       ||     1
  Use: Scroll            |     9 |       ||     9
       Potion            |     4 |       ||     4
  Eat: Chunk             |     3 |     1 ||     4
Armor: Leather armour    |     3 |       ||     3
       Scale mail        |    21 |    32 ||    53
Dodge: Dodged            |    27 |    39 ||    66
       Rpst.: Great sword |     6 |    14 ||    20
